 Dungeon Crawl Stone Soup version 0.28.0-47-ge53b351184 (webtiles) character file.

Game seed: 9153870974704241234

222 Acheron the Ruffian (level 5, -2/48 HPs)
             Began as a Troll Arcane Marksman on Apr 29, 2022.
             Slain by a crimson imp
             ... wielding a +1 dagger of chaos
              (5 damage)
             ... while paralysed by a crimson imp
             ... on level 4 of the Dungeon.
             The game lasted 00:17:32 (3010 turns).

Acheron the Ruffian (Troll Arcane Marksman)         Turns: 3010, Time: 00:17:32

Health: -2/48      AC:  4    Str: 24    XL:     5   Next: 66%
Magic:  3/5        EV:  1    Int:  9    God:
Gold:   36         SH:  0    Dex: 12    Spells: 5/6 levels left

rFire   . . .      SeeInvis .     - Unarmed
rCold   . . .      Faith    .   (no shield)
rNeg    . . .      Spirit   .   a - +0 robe
rPois   .          Reflect  .   (helmet restricted)
rElec   .          Harm     .   (no cloak)
rCorr   .          Rampage  .   (gloves unavailable)
Will    .....                   (boots unavailable)
Stlth   +.........              h - amulet of the acrobat
HPRegen 0.96/turn               g - +6 ring of strength
MPRegen 0.09/turn               o - ring of flight

@: paralysed, agile, lethally poisoned (-2 -> -3), flying
A: large, unfitting armour, claws 3, regeneration 1, shaggy fur 1, tough skin 1
a: no special abilities


You were on level 4 of the Dungeon.
You visited 1 branch of the dungeon, and saw 4 of its levels.

You collected 197 gold pieces.
You spent 161 gold pieces at shops.

Inventory:

Hand Weapons
 f - a +2 hand axe of venom
 j - a +1 vorpal mace
 k - the +4 hand axe of Ignis's Approval {drain, rPois rF- Dex+4}
   (You found it on level 2 of the Dungeon)

   A truly terrible weapon, it drains the life of any living foe it strikes.
   Dex:       It affects your dexterity (+4).
   rF:        It makes you vulnerable to fire.
   rPois:     It protects you from poison.
 l - a +1 flail of protection
Missiles
 b - 4 large rocks (quivered)
 c - 2 throwing nets
 p - a silver boomerang
Armour
 a - a +0 robe (worn)
Jewellery
 g - a +6 ring of strength (left claw)
 h - an amulet of the acrobat (around neck)
 o - a ring of flight (right claw)
Scrolls
 i - 3 scrolls of teleportation
 n - 2 scrolls of identify
 q - a scroll of fog
 r - a scroll of blinking
 u - a scroll of magic mapping {unknown}
 v - a scroll of summoning {unknown}
 w - a scroll of amnesia
Potions
 d - 4 potions of heal wounds
 e - a potion of ambrosia
 m - 3 potions of curing
 s - a potion of might
 t - 3 potions of mutation


   Skills:
 * Level 1.5 Fighting
 * Level 2.7 Throwing
 * Level 2.6 Dodging
 * Level 0.6 Stealth
 * Level 2.9 Unarmed Combat
 + Level 1.0 Spellcasting
 + Level 2.2 Hexes


You had 5 spell levels left.
You knew the following spells:

 Your Spells              Type           Power      Damage    Failure   Level
a - Slow                  Hex            16%        N/A       16%         1

Your spell library contained the following spells:

 Spells                   Type           Power      Damage    Failure   Level
 Inner Flame              Hex/Fire       2%         N/A       56%         3
 Portal Projectile        Hex/Tloc       4%         N/A       56%         3
 Cause Fear               Hex            2%         N/A       83%         4


Dungeon Overview and Level Annotations

Branches:
Dungeon (4/15)
 Temple: D:4-7

Altars:
Dithmenos
Makhleb
Trog
Uskayaw
Wu Jian
Xom

Shops:
D:2 *?!*?   D:4 *

Annotations:
D:3 1 transporter, supermoro's ghost, amateur DECj


Innate Abilities, Weirdness & Mutations

You are too large for most types of armour.
You have claws for hands.
Your natural rate of healing is unusually fast.
You are covered in fur. (AC +1)
You have tough skin. (AC +1)


Message History

You are poisoned.
You claw the crimson imp!
The crimson imp is almost dead.
You feel very sick.
The crimson imp hits you with a +1 dagger of chaos.
The crimson imp freezes you.
You barely miss the crimson imp.
The crimson imp is severely wounded.
You feel very sick.
The crimson imp hits you with a +1 dagger of chaos.
You feel your power leaking away.
You closely miss the crimson imp.
The crimson imp is severely wounded.
You feel sick.
You miss the crimson imp.
The crimson imp is severely wounded.
You feel sick.
The crimson imp blinks!
You feel sick.
The crimson imp hits you with a +1 dagger of chaos.
You are more poisoned.
There is an open door here.
You miss the crimson imp.
The crimson imp is heavily wounded.
You feel very sick.
The crimson imp hits you but does no damage.
You suddenly lose the ability to move!
You feel very sick.
The crimson imp hits you with a +1 dagger of chaos.
You feel agile all of a sudden.
You feel very sick.
The crimson imp hits you with a +1 dagger of chaos.
* * * LOW HITPOINT WARNING * * *
The crimson imp burns you.
* * * LOW HITPOINT WARNING * * *
You feel sick.
The crimson imp hits you with a +1 dagger of chaos.
* * * LOW HITPOINT WARNING * * *
You feel sick.
The crimson imp hits you with a +1 dagger of chaos.
You die...

## #..#...#.##.##
.####.####.......###
g.g................##########
#.....#########.#...........#
#####.......###.##..........#
#.#####..##.###...####### #
#.# ##.##.#####.# # #.#
#.....5...)# # #.#
#####@####.#### .# ..# #...#
#....######## ...... #...#
##.#......... ....... #_._#
#.#......... ..... #####
#.#....<.... ..h..
#....##.#### .... ####..#.#
... #......# ..).
.########.##.###


You could see a crimson imp.

Vanquished Creatures
  A water moccasin skeleton (D:4)
  A hound skeleton (D:4)
  5 gnolls
  3 adders (D:2)
  A worm (D:3)
  7 dart slugs
  An orc (D:2)
  10 ball pythons
  10 endoplasms
  4 giant cockroaches
  5 goblins
  4 hobgoblins
  4 quokkas
  5 bats
  5 kobolds
  2 rats
68 creatures vanquished.

Notes
Turn   | Place    | Note
-------+----------+-------------------------------------------
     0 | D:1      | Acheron the Troll Arcane Marksman began the quest for the
                  | Orb.
     0 | D:1      | Reached XP level 1. HP: 18/18 MP: 1/1
    63 | D:1      | Reached skill level 1 in Fighting
   134 | D:1      | Reached XP level 2. HP: 27/27 MP: 2/2
   464 | D:1      | Reached XP level 3. HP: 33/33 MP: 3/3
   742 | D:2      | Found Gopp's Distillery.
   745 | D:2      | Bought a potion of curing for 33 gold pieces
   787 | D:2      | Found Nuecix's Assorted Antiques.
   939 | D:2      | Found Qajiconk's Magic Scroll Boutique.
  1021 | D:2      | Reached skill level 1 in Unarmed Combat
  1065 | D:2      | Identified the +4 hand axe of Ignis's Approval {drain,
                  | rPois rF- Dex+4}
  1092 | D:2      | Reached XP level 4. HP: 41/41 MP: 4/4
  1351 | D:2      | Found Xeysevom's Assorted Antiques.
  1354 | D:2      | Bought a scroll labelled MIOL IMMEMENEU for 17 gold pieces
  1354 | D:2      | Bought a scroll labelled MIOL IMMEMENEU for 17 gold pieces
  1372 | D:2      | Found Voaxat's Magic Scroll Boutique.
  1706 | D:2      | Bought a scroll of fog for 28 gold pieces
  1719 | D:3      | Found a transporter.
  1730 | D:3      | Identified the +4 dire flail of Qoicy {speed, Str+3}
  1730 | D:3      | Noticed an ogre
  1889 | D:3      | Found an ornate altar of the Wu Jian Council.
  1974 | D:3      | Found a bloodstained altar of Trog.
  1974 | D:3      | Found a hide-covered altar of Uskayaw.
  1996 | D:3      | Noticed supermoro's ghost (amateur DECj)
  2290 | D:4      | Found a shadowy altar of Dithmenos.
  2356 | D:4      | Reached XP level 5. HP: 48/48 MP: 5/5
  2356 | D:4      | Found Jiferuis's Neck Hole.
  2569 | D:3      | Noticed an ogre
  2764 | D:2      | Bought a potion of degeneration for 11 gold pieces
  2764 | D:2      | Bought a potion of heal wounds for 55 gold pieces
  2965 | D:4      | Noticed a black bear
  2994 | D:4      | Found a shimmering altar of Xom.
  2995 | D:4      | Found a burning altar of Makhleb.
  3006 | D:4      | Paralysed by a crimson imp for 7 turns
  3010 | D:4      | Slain by a crimson imp

Illustrated notes

Levels and vault maps discovered:
D:1:      scummos_arrival_simple_crosswalls, layout_loops_ring,
          minmay_tromino_v4_a
D:2:      minmay_evil_eye, layout_basic, serial_shops,
          nicolae_shop_behind_doors, nicolae_shop_trees, nicolae_lakefront_shop,
          shop, nicolae_shop_statue_plus, amcnicky_mini_rare_corridor_liquid
D:3:      layout_loops_ring, nicolae_wu_jian_immortal_techniques,
          gammafunk_temple_overflow_wave, gammafunk_ghost_smash
D:4:      layout_rooms, grunt_temple_overflow_champion_of_chaos,
          nicolae_dithmenos_the_darkroom, nicolae_shop_sticking_my_neck_out

Skill      XL: |  1  2  3  4 |
---------------+-------------+-----
Fighting       | 1 |  1.5
Throwing       | 2 |  2.7
Dodging        | 2 |  2.6
Unarmed Combat | 1 2 |  2.9
Stealth        | |  0.6
Spellcasting   | |  1.0
Hexes          | |  2.2

Action                   |  1- 3 |  4- 6 || total
-------------------------+-------+-------++-------
Melee: Unarmed           |    89 |    98 ||   187
       Punch             |     1 |     2 ||     3
  Use: Scroll            |     4 |     4 ||     8
 Stab: Sleeping          |     1 |     1 ||     2
Armor: Robe              |    20 |    17 ||    37
Dodge: Dodged            |    57 |    49 ||   106
